 Dungeon Crawl Stone Soup version 0.22-a0-515-g75794bf (webtiles) character file.

3056 wazuzu the Basher (level 9, -1/139 HPs)
             Began as an Ogre Abyssal Knight on June 19, 2018.
             Was a High Priest of Lugonu.
             Slain by an ogre
             ... wielding a +0 giant club
              (13 damage)
             ... on level 7 of the Dungeon.
             The game lasted 00:21:13 (10228 turns).

wazuzu the Basher (Ogre Abyssal Knight)            Turns: 10228, Time: 00:21:14

Health: -1/139     AC: 24    Str: 18    XL:     9   Next: 87%
Magic:  10/10      EV:  1    Int: 16    God:    Lugonu [*****.]
Gold:   348        SH:  0    Dex:  8    Spells: 8/8 levels left

rFire    . . .     SeeInvis .   v - +0 giant club
rCold    . . .     Gourm    .   (shield currently unavailable)
rNeg     + + +     Faith    +   (armour currently unavailable)
rPois    +         Spirit   .   (helmet currently unavailable)
rElec    .         Reflect  .   (cloak currently unavailable)
rCorr    .         Harm     .   (gloves unavailable)
MR       .....     NoTele   +   (boots unavailable)
Stlth    +.........             l - amulet of faith
HPRegen  0.33/turn              j - ring of poison resistance
MPRegen  0.12/turn              (no ring)

@: tree-form, drained
A: large, unfitting armour
a: Depart the Abyss, Bend Space, Banish, Corrupt, Enter the Abyss, Renounce
Religion


You were on level 7 of the Dungeon.
You worshipped Lugonu.
Lugonu was extremely pleased with you.
You were very hungry.
You were a tree.
You visited 1 branch of the dungeon, and saw 7 of its levels.
You visited the Abyss 1 time.
You also visited: Ossuary.

You collected 348 gold pieces.

Inventory:

Hand Weapons
 a - a +2 mace
 v - a +0 giant club (weapon)
Missiles
 f - 232 stones (quivered)
 k - 3 javelins
 t - 4 large rocks
Armour
 b - a +1 robe (melded)
 e - a +0 cloak (melded)
Jewellery
 j - a ring of poison resistance (left branch)
 l - an amulet of faith (around neck)
 z - an uncursed ring of ice
Wands
 d - a wand of flame (6)
Scrolls
 g - 4 scrolls of remove curse
 h - 5 scrolls of teleportation
 q - a scroll of magic mapping
 s - 6 scrolls of fog
 w - a scroll of identify
 x - a scroll of amnesia
 y - a scroll of enchant weapon
 A - a scroll of enchant armour
Potions
 i - 2 potions of curing {unknown}
 m - a potion of brilliance {unknown}
 o - a potion of ambrosia {unknown}
 p - a potion of lignification
 r - 4 potions of flight
Comestibles
 c - 8 rations


   Skills:
 - Level 7.2(6.7) Fighting
 + Level 11.5(11.0) Maces & Flails
 - Level 2.1(1.7) Dodging
 - Level 2.0(1.6) Invocations


You had 8 spell levels left.
You didn't know any spells.
Your spell library contained the following spells:

 Spells                   Type           Power        Failure   Level  Hunger
 Spider Form              Tmut/Pois      #.........   58%         3    ####...
 Blade Hands              Tmut           #.........   100%        5    ######.
 Ice Form                 Ice/Tmut       #.......     94%         4    #####..
 Sticks to Snakes         Tmut           #.......     36%         2    ###....
 Beastly Appendage        Tmut           #.....       26%         1    ##.....


Dungeon Overview and Level Annotations

Branches:
Dungeon (7/15)             Temple (0/1) D:4

Altars:
Ashenzari
Fedhas
Hepliaklqana
Kikubaaqudgha
Makhleb
Nemelex Xobeh
Qazlal
Sif Muna
Trog
Uskayaw
Wu Jian
Zin


Innate Abilities, Weirdness & Mutations

You are too large for most types of armour.
((You have tough skin. (AC +1)))


Message History

Lugonu accepts your kill.
An ogre comes into view. It is wielding a giant club.
The ogre shouts!
The ogre barely misses you.
You hit the ogre.
The ogre is lightly wounded.
The ogre hits you with a giant club!
* * * LOW HITPOINT WARNING * * *
What are your orders? t - Shout!
Orders for allies: a - Attack new target. r - Retreat! s - Stop attacking. g - Guard the area. f - Follow me.
Anything else - Cancel.
Okay, then.
Okay, then.
You turn into a tree.
Your +0 cloak melds into your body.
Your +1 robe melds into your body.
Your roots penetrate the ground.
The ogre hits you with a giant club!
You die...

#.# #.# #.... #.# #.####
... #.# #.##.. #)# #.#
#.##.# ##.## #.#
####.##.##### #...#
#.#####....##)#...# #.†.#
#...............#.###...#
####.#..................#
#.#.........♣........#
#.##...###.##O#####..######
#.######
#...r............### #.#
####................ .#.
#############.### # # #...[
#####


You could see an ogre and a quokka.

Vanquished Creatures
  A troll (D:6)
  A hippogriff (D:7)
  A hungry ghost (D:7)
  An orc warrior (D:5)
  An ice beast (D:6)
  A sky beast (D:6)
  A hornet zombie (D:5)
  A black bear (D:6)
  2 phantoms
  5 ogres
  3 bullfrogs
  A scorpion (D:4)
  A water moccasin skeleton (D:7)
  3 wights (D:7)
  A crimson imp (D:6)
  A bullfrog zombie (D:7)
  4 centaur zombies
  3 hounds
  A jelly (D:5)
  2 orc wizards
  A human zombie (Ossuary)
  An orc priest (D:5)
  Crazy Yiuf (D:2)
  2 iguanas
  Ijyb (D:3)
  A centaur skeleton (D:6)
  4 worker ants
  Terence (D:3)
  A killer bee zombie (D:7)
  A big kobold zombie (Ossuary)
  A hound zombie (Ossuary)
  3 mummies (Ossuary)
  A worker ant zombie (D:6)
  8 adders
  A shadow imp (D:5)
  A white imp (Abyss:1)
  5 adder zombies
  2 worms (D:2)
  4 dart slugs
  5 leopard geckos
  13 orcs
  A ball python (D:1)
  8 bats
  8 giant cockroaches
  3 gnoll zombies (Ossuary)
  6 goblins
  6 hobgoblins
  12 jackals
  5 quokkas
  4 frilled lizards
  A giant cockroach zombie (D:4)
  3 goblin zombies (Ossuary)
  4 hobgoblin zombies (Ossuary)
  A jackal skeleton (D:4)
  A jackal zombie (Ossuary)
  7 kobolds
  7 kobold zombies (Ossuary)
  3 orc zombies (Ossuary)
  5 quokka zombies (Ossuary)
  13 rats
  A rat zombie (Ossuary)
192 creatures vanquished.

Vanquished Creatures (others)
  A wizard (D:4)
  A lurking horror (Abyss:1)
2 creatures vanquished.

Grand Total: 194 creatures vanquished

Notes
Turn   | Place    | Note
-------+----------+-------------------------------------------
     0 | Abyss:1  | wazuzu the Ogre Abyssal Knight began the quest for the Orb.
     0 | Abyss:1  | Reached XP level 1. HP: 24/24 MP: 2/2
    45 | Abyss:1  | Reached skill level 2 in Maces & Flails
    45 | Abyss:1  | Reached XP level 2. HP: 4/32 MP: 3/3
    68 | Abyss:1  | Noticed an earth elemental
    83 | Abyss:1  | Noticed a wretched star
   100 | Abyss:1  | Noticed an ancient zyme
   101 | Abyss:1  | Noticed a large abomination
   111 | Abyss:1  | Noticed a tentacled starspawn
   116 | D:1      | Escaped the Abyss
   521 | D:1      | Reached * piety under Lugonu
   702 | D:1      | Reached skill level 3 in Maces & Flails
   707 | D:1      | Reached XP level 3. HP: 32/39 MP: 4/4
  1429 | D:2      | Reached ** piety under Lugonu
  1736 | D:2      | Reached XP level 4. HP: 41/48 MP: 5/5
  1966 | D:2      | Found an ancient bone altar of Kikubaaqudgha.
  1966 | D:2      | Found a blossoming altar of Fedhas.
  1987 | D:2      | Found a stormy altar of Qazlal.
  2003 | D:2      | Reached skill level 4 in Maces & Flails
  2249 | D:2      | Found a runed door.
  2960 | D:2      | Reached XP level 5. HP: 43/55 MP: 6/6
  3204 | D:2      | Noticed Crazy Yiuf
  3216 | D:2      | Killed Crazy Yiuf
  3688 | D:3      | Reached skill level 5 in Fighting
  3720 | D:3      | Found a burning altar of Makhleb.
  3882 | D:3      | Reached *** piety under Lugonu
  3883 | D:3      | Noticed Ijyb
  3918 | D:3      | Killed Ijyb
  4005 | D:3      | Noticed Terence
  4019 | D:3      | Killed Terence
  4019 | D:3      | Reached skill level 5 in Maces & Flails
  4019 | D:3      | Reached XP level 6. HP: 50/66 MP: 7/7
  4718 | D:4      | Reached XP level 7. HP: 58/75 MP: 8/8
  4775 | D:4      | Found a sand-covered staircase.
  4780 | Ossuary  | Entered an ossuary
  4873 | Ossuary  | Reached skill level 6 in Maces & Flails
  5318 | Ossuary  | Reached **** piety under Lugonu
  6136 | D:4      | Reached skill level 7 in Maces & Flails
  6314 | D:4      | Found a staircase to the Ecumenical Temple.
  6327 | D:4      | Reached XP level 8. HP: 63/87 MP: 9/9
  6620 | D:4      | Found a bloodstained altar of Trog.
  6621 | D:4      | Noticed a wizard
  6626 | D:4      | Killed a wizard
  6681 | D:5      | Entered Level 5 of the Dungeon
  6839 | D:5      | Reached skill level 8 in Maces & Flails
  8010 | D:5      | Found a hazy altar of Hepliaklqana.
  8557 | D:5      | Reached skill level 9 in Maces & Flails
  8765 | D:5      | Reached ***** piety under Lugonu
  8974 | D:6      | Reached XP level 9. HP: 76/93 MP: 10/10
  9168 | D:6      | Reached skill level 10 in Maces & Flails
  9416 | D:6      | Noticed a troll
  9423 | D:6      | Killed a troll
  9586 | D:6      | Found a sparkling altar of Nemelex Xobeh.
  9586 | D:6      | Found an ornate altar of the Wu Jian Council.
  9599 | D:6      | Found a shattered altar of Ashenzari.
  9601 | D:6      | Found a deep blue altar of Sif Muna.
  9603 | D:6      | Found a glowing silver altar of Zin.
  9989 | D:7      | Reached skill level 11 in Maces & Flails
 10112 | D:7      | Found a hide-covered altar of Uskayaw.
 10112 | D:7      | Noticed a dagger
 10112 | D:7      | Noticed a dagger
 10228 | D:7      | Slain by an ogre

Vault maps used:
D:1:      dpeg_arrival_tiny_h, st_stairs_1, serial_bayou_pond_d
D:2:      grunt_temple_overflow_growth_and_decay,
          nicolae_qazlal_general_emergency, minmay_misc_feat_five,
          uniq_crazy_yiuf_cottage
D:3:      marbit_many_paths, first_ration, st_stairs_12, uniq_terence, uniq_ijyb
D:4:      minmay_temple_entry_enclosed_plants, enter_ossuary_1, trog_wizard
D:5:      kennysheep_mini, minivault_23
D:6:      chequers_temple_overflow_minitemple
D:7:      dancing_weapons_uskayaw
Abyss:1:  bh_abyss_xom_lugonu_altar
Ossuary:  minmay_ossuary_two_tombs

Skill      XL: |  1  2  3  4  5  6  7  8  9 |
---------------+----------------------------+-----
Maces & Flails | 2 3 4 5 7 9 11 | 11.5
Fighting       | 5 6 7 |  7.2
Dodging        | |  2.1
Invocations    | |  2.0

Action                   |  1- 3 |  4- 6 |  7- 9 || total
-------------------------+-------+-------+-------++-------
Melee: Mace              |    95 |   236 |   202 ||   533
       Giant club        |       |       |   255 ||   255
Invok: Depart the Abyss  |     1 |       |       ||     1
Evoke: Wand              |       |    14 |    16 ||    30
  Use: Potion            |     2 |       |     3 ||     5
       Scroll            |       |    12 |     3 ||    15
  Eat: Chunk             |     2 |     9 |    17 ||    28
       Ration            |       |       |     1 ||     1
Armor: Robe              |    50 |    77 |   124 ||   251
Dodge: Dodged            |    64 |   133 |   259 ||   456

Table legend:
 A = Spawn XP
 B = Non-spawn XP
 C = Spawn XP percentage of total XP
 D = Spawn monster count
 E = Non-spawn monster count
 F = Spawn count percentage of total count
 G = Total turns spent on level
                    A         B        C        D         E        F      G
               +---------+---------+-------+---------+---------+-------+---------
         Total |       0 |    4366 |   0.0 |       0 |     192 |   0.0 | 10228
               +---------+---------+-------+---------+---------+-------+---------
           D:1 |       0 |      37 |   0.0 |       0 |      21 |   0.0 |  1678
           D:2 |       0 |     160 |   0.0 |       0 |      31 |   0.0 |  1721
           D:3 |       0 |     126 |   0.0 |       0 |      25 |   0.0 |   852
           D:4 |       0 |     696 |   0.0 |       0 |      18 |   0.0 |  1785
           D:5 |       0 |     918 |   0.0 |       0 |      29 |   0.0 |  1873
           D:6 |       0 |    1228 |   0.0 |       0 |      18 |   0.0 |   925
           D:7 |       0 |     859 |   0.0 |       0 |      10 |   0.0 |   421
       Abyss:1 |       0 |      10 |   0.0 |       0 |       1 |   0.0 |   116
       Ossuary |       0 |     332 |   0.0 |       0 |      39 |   0.0 |   857
               +---------+---------+-------+---------+---------+-------+---------
